 Dungeon Crawl Stone Soup version 0.20.1-1-g8b1a95d (webtiles) character file.

70130 Fingolfin the Marksminotaur (level 14, -1/122 HPs)
             Began as a Minotaur Berserker on Oct 23, 2017.
             Was the Champion of Trog.
             Slain by a sixfirhy (7 damage)
             ... summoned by an orc high priest
             ... on level 2 of the Orcish Mines.
             The game lasted 01:16:34 (19180 turns).

Fingolfin the Marksminotaur (Minotaur Berserker)   Turns: 19180, Time: 01:16:34

Health: -1/122     AC: 17    Str: 27    XL:     14   Next: 92%
Magic:  0/20       EV: 19    Int:  7    God:    Trog [******]
Gold:   2020       SH:  0    Dex: 14    Spells: 13/13 levels left

rFire    + + .     SeeInvis .   b - +4 battleaxe (freeze)
rCold    . . .     Gourm    .   (shield currently unavailable)
rNeg     . . .     Faith    .   T - +2 chain mail {rF+}
rPois    .         Spirit   +   x - +2 hat {Int+3}
rElec    .         Reflect  .   D - scarf {Spirit}
rCorr    .         Harm     .   E - +2 pair of gloves of Pumisir {+Blink Dex+2}
MR       ++++.                  (no boots)
Stlth    ..........             i - amulet of magic regeneration
Regen    1.3/turn               o - ring of protection from magic
MPRegen  0.3/turn               C - +4 ring of evasion

@: berserk cooldown, regenerating, slowed, invisible, very slow
A: retaliatory headbutt, claws 1, horns 2, fire resistance 1, strong 1, subdued
magic 1, sturdy frame 1
a: Berserk, Trog's Hand, Brothers in Arms, Burn Spellbooks, Renounce Religion,
Evoke Blink


You were on level 2 of the Orcish Mines.
You worshipped Trog.
Trog was exalted by your worship.
You were hungry.

You visited 4 branches of the dungeon, and saw 21 of its levels.
You also visited: Labyrinth and Volcano.

You collected 2020 gold pieces.

Inventory:

Hand Weapons
 a - a +2 longbow of velocity
 b - a +4 battleaxe of freezing (weapon)
 r - the +9 executioner's axe of Xuatag {chop, +Fly rElec rPois Int-5}
   (You found it on level 6 of the Lair of Beasts)

   It inflicts extra damage upon your enemies.
   It affects your intelligence (-5).
   It insulates you from electricity.
   It protects you from poison.
   It lets you fly.
 s - a +5 longbow of freezing
Missiles
 u - 263 arrows
Armour
 x - a +2 hat of intelligence (worn)
 D - a scarf of spirit shield (worn)
 E - the +2 pair of gloves of Pumisir (worn) {+Blink Dex+2}
   (You found it on level 7 of the Dungeon)

   It affects your dexterity (+2).
   It lets you blink.
 T - a +2 chain mail of fire resistance (worn)
Jewellery
 i - an amulet of magic regeneration (around neck)
 o - a ring of protection from magic (left hand)
 t - an uncursed ring of see invisible
 C - a +4 ring of evasion (right hand)
Wands
 d - a wand of lightning (7/15)
 P - a wand of iceblast (1/15)
 Z - a wand of digging (12/24)
Scrolls
 h - 2 scrolls of fear
 k - 2 scrolls of fog
 m - 6 scrolls of teleportation
 p - a scroll of brand weapon {unknown}
 v - 2 scrolls of recharging {unknown}
 w - a scroll of holy word {unknown}
 y - 3 scrolls of magic mapping
 H - 3 scrolls of remove curse
 I - a scroll of noise {unknown}
 J - a scroll of acquirement {unknown}
 L - a scroll of silence {unknown}
 Q - a scroll of blinking {unknown}
 R - 2 scrolls of summoning
 S - 3 scrolls of amnesia {unknown}
 V - a scroll of torment {unknown}
Potions
 e - 11 potions of curing
 g - a potion of might
 j - 4 potions of invisibility
 q - a potion of magic
 K - 2 potions of agility
 O - 2 potions of heal wounds {unknown}
 W - a potion of ambrosia {unknown}
Miscellaneous
 f - a fan of gales
 n - a box of beasts
 B - a phantom mirror
 N - 2 sacks of spiders
Comestibles
 c - 18 bread rations
 l - 3 chunks of flesh


   Skills:
 - Level 10.9 Fighting
 - Level 15.0 Axes
 + Level 16.4 Bows
 - Level 6.4 Armour
 - Level 10.4 Dodging
 - Level 10.4 Evocations


You had 13 spell levels left.
You didn't know any spells.

Dungeon Overview and Level Annotations

Branches:
Dungeon (12/15)            Temple (1/1) D:7            Lair (6/6) D:8
  Swamp (0/4) Lair:3        Snake (0/4) Lair:4        Slime (0/5) Lair:5
    Orc (2/2) D:12            Elf (0/3) Orc:2

Altars:
Ashenzari
Cheibriados
Dithmenos
Elyvilon
Fedhas
Gozag
Hepliaklqana
Kikubaaqudgha
Makhleb
Nemelex Xobeh
Okawaru
Qazlal
Ru
Sif Muna
Trog
Uskayaw
Vehumet
Xom
Yredelemnul
Zin
The Shining One


Innate Abilities, Weirdness & Mutations

You reflexively headbutt those who attack you in melee.
You have a pair of horns on your head.
You have sharp fingernails.
Your flesh is heat resistant. (rF+)
Your muscles are strong. (Str +2)
Your spells are a little easier to cast, but a little less powerful.
Your movements are slightly less encumbered by armour. (ER -2)


Message History

You see here a runed longbow {god gift}.
s - a runed longbow {god gift} You feel a strong urge to attack something.
You are no longer berserk.
Trog's vigour flows through your veins.
You are exhausted.
You feel yourself slow down. The sixfirhy hits you.
* * * LOW HITPOINT WARNING * * *
The sixfirhy shocks you!
* * * LOW HITPOINT WARNING * * *
The sixfirhy closely misses you.
Your skin crawls.
You feel resistant to hostile enchantments.
You feel somewhat more hungry.
Okay, then.
You fade into invisibility!
The sixfirhy barely misses you. The sixfirhy hits you.
* * * LOW HITPOINT WARNING * * *
The sixfirhy shocks you!
You die...

##(... ##..... ...÷.
###... ##...o #....
##.÷.÷ #.... #(...
##.... ##(÷. #.....
#.)o# ####.)...
#.)3## ##........
#..)@### #..)))....
##.....#####..)......
##(..).)).).)...(.$.
##.....(..)..)))...
###...............
##...........(..
...............($
................(
..................


You could see a sixfirhy and an orc wizard.

Vanquished Creatures
  Gastronok (D:8)
  A dire elephant (Lair:6)
  A minotaur (Lab)
  Harold (Lair:2)
  A two-headed ogre (D:9)
  4 hydras (Lair:6)
  An anaconda (Lair:6)
  2 catoblepae
  3 death yaks (Lair:6)
  A centaur warrior (Volcano)
  An orc high priest (Orc:2)
  A hell knight (Volcano)
  4 skeletal warriors (D:12)
  A deep troll (D:9)
  A lindwurm (Lair:6)
  The ghost of Fingolfin the Thaumaturge, a novice DEFE (D:7)
  5 orc knights (Orc:2)
  An ugly thing (D:12)
  4 orc sorcerers (Orc:2)
  2 manticores (Lair:6)
  A cyclops (D:12)
  20 elephants
  5 black mambas
  Joseph (D:8)
  A molten gargoyle (Volcano)
  12 spiny frogs
  3 gargoyles
  4 rime drakes
  4 komodo dragons
  A yaktaur (Volcano)
  A queen bee (D:10)
  11 polar bears
  Prince Ribbit (D:7)
  10 trolls
  A hornet (D:11)
  5 hippogriffs
  A raiju (Lair:6)
  3 dream sheep
  A blink frog (Lair:6)
  4 slime creatures (Lair:5)
  Sigmund (D:4)
  2 redbacks (Lab)
  A shadow (D:12)
  A wraith (D:12)
  Grum (D:11)
  7 fire bats
  33 yaks
  3 basilisks
  Edmund (D:6)
  4 hungry ghosts (Lab)
  6 wargs
  A soldier ant (D:10)
  3 nagas (Lair:4)
  16 hell hounds (Lair:6)
  15 water moccasins
  9 porcupines
  A hornet zombie (D:10)
  4 phantoms
  3 sky beasts (D:8)
  15 orc warriors
  11 black bears (Lair:6)
  4 ice beasts
  7 ogres
  An eye of draining (D:7)
  10 crocodiles
  5 centaurs
  23 wolves
  2 big kobolds
  16 bullfrogs
  6 scorpions
  A wyvern skeleton (D:10)
  27 killer bees
  A howler monkey (D:4)
  8 electric eels
  3 bullfrog zombies
  A quasit (D:12)
  2 lava snakes (Volcano)
  A centaur zombie (D:6)
  6 crimson imps
  7 hounds
  2 jellies
  12 orc priests
  A centaur skeleton (D:5)
  3 bullfrog skeletons
  10 worker ants
  6 iguanas
  18 orc wizards
  3 hound zombies
  7 gnolls
  A howler monkey skeleton (D:7)
  16 adders
  4 shadow imps
  An ooze (D:3)
  3 adder zombies
  A worm (D:3)
  6 leopard geckos
  67 orcs
  5 giant cockroaches
  11 goblins
  3 hobgoblins (D:1)
  14 jackals
  11 kobolds
  4 quokkas
  3 ball pythons
  11 bats
  7 frilled lizards
  A leopard gecko skeleton (D:7)
  A leopard gecko zombie (D:6)
  7 rats
  2 fungi (Lair:6)
  7 plants
644 creatures vanquished.

Vanquished Creatures (others)
  2 fungi
  14 plants
16 creatures vanquished.

Grand Total: 660 creatures vanquished

Notes
Turn   | Place    | Note
-------+----------+-------------------------------------------
     0 | D:1      | Fingolfin the Minotaur Berserker began the quest for the Orb.
     0 | D:1      | Reached XP level 1. HP: 19/19 MP: 0/0
    79 | D:1      | Reached XP level 2. HP: 22/26 MP: 1/1
   511 | D:2      | Reached ** piety under Trog
   552 | D:2      | Reached skill level 5 in Axes
   578 | D:2      | Found a snail-covered altar of Cheibriados.
   609 | D:2      | Reached XP level 3. HP: 29/31 MP: 2/2
  1057 | D:2      | Reached XP level 4. HP: 36/39 MP: 3/3
  1819 | D:4      | Noticed an ogre
  1831 | D:4      | Killed an ogre
  1831 | D:4      | Reached XP level 5. HP: 45/45 MP: 4/4
  1867 | D:4      | Reached *** piety under Trog
  1869 | D:4      | Reached XP level 6. HP: 43/51 MP: 2/5
  2477 | D:4      | Found a stormy altar of Qazlal.
  2494 | D:4      | Noticed Sigmund
  2513 | D:4      | Killed Sigmund
  2513 | D:4      | Reached XP level 7. HP: 55/57 MP: 2/6
  2776 | D:5      | Entered Level 5 of the Dungeon
  2830 | D:5      | Reached skill level 5 in Fighting
  3322 | D:5      | Reached XP level 8. HP: 68/73 MP: 7/7
  3374 | D:5      | Found a faded altar of an unknown god.
  3374 | D:5      | Found a radiant altar of Vehumet.
  3379 | D:5      | Found a burning altar of Makhleb.
  3381 | D:5      | Found a sacrificial altar of Ru.
  3383 | D:5      | Found a faded altar of an unknown god.
  3556 | D:5      | Reached **** piety under Trog
  4012 | D:6      | Reached skill level 10 in Fighting
  4038 | D:6      | Noticed Edmund
  4051 | D:6      | Killed Edmund
  4189 | D:6      | Found an iron altar of Okawaru.
  4687 | D:6      | Reached XP level 9. HP: 84/86 MP: 8/8
  4806 | D:6      | Found a blossoming altar of Fedhas.
  5008 | D:7      | Found a staircase to the Ecumenical Temple.
  5020 | Temple   | Entered the Ecumenical Temple
  5497 | D:7      | Reached skill level 5 in Armour
  5587 | D:7      | Noticed Prince Ribbit
  5598 | D:7      | Killed Prince Ribbit
  5604 | D:7      | Got a pair of crude gloves
  5615 | D:7      | Identified the +2 pair of gloves of Pumisir {+Blink Dex+2} (You found it on level 7 of the Dungeon)
  5754 | D:7      | Reached ***** piety under Trog
  5764 | D:7      | Reached skill level 1 in Evocations
  5797 | D:7      | Noticed Fingolfin's ghost (novice DEFE)
  5799 | D:7      | Noticed a hand axe
  5800 | D:7      | Noticed a dagger
  5808 | D:7      | Killed Fingolfin's ghost
  5846 | D:7      | Found a hide-covered altar of Uskayaw.
  5945 | D:7      | Found a shimmering altar of Xom.
  5948 | D:7      | Found a shimmering altar of Xom.
  5948 | D:7      | Found a shimmering altar of Xom.
  5949 | D:7      | Found a shimmering altar of Xom.
  6086 | D:7      | Noticed a moth of wrath
  6285 | D:8      | Received a gift from Trog
  6344 | D:8      | Found a glowing golden altar of the Shining One.
  6374 | D:8      | Reached skill level 5 in Evocations
  6535 | D:8      | Reached XP level 10. HP: 84/94 MP: 11/13
  6541 | D:8      | Gained mutation: Your movements are slightly less encumbered by armour. (ER -2) [mutagenic meat]
  6544 | D:8      | Gained mutation: You are dopey. (Int -2) [mutagenic meat]
  6545 | D:8      | Gained mutation: Armour fits poorly on your strangely shaped body. [mutagenic meat]
  6546 | D:8      | Gained mutation: Your spells are a little easier to cast, but a little less powerful. [mutagenic meat]
  6547 | D:8      | Gained mutation: You have a pair of large horns on your head. [mutagenic meat]
  6548 | D:8      | Gained mutation: You have sharp fingernails. [mutagenic meat]
  6549 | D:8      | Gained mutation: Your flesh is heat resistant. (rF+) [mutagenic meat]
  6772 | D:8      | Noticed Joseph
  6789 | D:8      | Killed Joseph
  6837 | D:8      | Found a staircase to the Lair.
  7051 | D:8      | Noticed Gastronok
  7062 | D:8      | Killed Gastronok
  7643 | D:9      | Noticed a two-headed ogre
  7667 | D:9      | Reached skill level 10 in Evocations
  7684 | D:9      | Killed a two-headed ogre
  7714 | D:9      | Reached XP level 11. HP: 97/101 MP: 17/17
  8125 | D:9      | Reached skill level 5 in Dodging
  8147 | D:9      | Noticed a deep troll
  8158 | D:9      | Killed a deep troll
  8262 | D:9      | Lost mutation: You have a pair of large horns on your head. [potion of mutation]
  8262 | D:9      | Lost mutation: Armour fits poorly on your strangely shaped body. [potion of mutation]
  8262 | D:9      | Lost mutation: You are dopey. (Int -2) [potion of mutation]
  8262 | D:9      | Gained mutation: Your muscles are strong. (Str +2) [potion of mutation]
  8305 | D:8      | Received a gift from Trog
  8624 | D:10     | Entered Level 10 of the Dungeon
  9005 | D:10     | Reached skill level 10 in Dodging
  9201 | D:11     | Reached skill level 10 in Axes
  9302 | D:11     | Noticed Grum
  9311 | D:11     | Killed Grum
  9848 | D:12     | Reached XP level 12. HP: 97/108 MP: 15/18
  9983 | D:12     | Found a staircase to the Orcish Mines.
 10053 | D:12     | Received a gift from Trog
 10617 | Lair:1   | Entered Level 1 of the Lair of Beasts
 11196 | Lair:2   | Noticed Harold
 11207 | Lair:2   | Killed Harold
 11408 | Lair:2   | Reached skill level 15 in Axes
 11781 | Lair:3   | Reached skill level 1 in Bows
 11794 | Lair:3   | Reached skill level 2 in Bows
 12016 | Lair:3   | Reached skill level 3 in Bows
 12384 | Lair:3   | Found a staircase to the Swamp.
 12877 | Lair:4   | Reached skill level 4 in Bows
 12946 | Lair:4   | Reached XP level 13. HP: 114/115 MP: 19/19
 12953 | Lair:4   | Found a staircase to the Snake Pit.
 12991 | Lair:4   | Reached skill level 5 in Bows
 13200 | Lair:4   | Reached ****** piety under Trog
 13250 | Lair:4   | Reached skill level 6 in Bows
 13843 | Lair:4   | Reached skill level 7 in Bows
 14017 | Lair:5   | Found a labyrinth entrance.
 14026 | Lab      | Entered a labyrinth
 14199 | Lab      | Received a gift from Trog
 14200 | Lab      | Got a slimy hunting sling {god gift}
 14234 | Lab      | Noticed a minotaur
 14240 | Lab      | Killed a minotaur
 14240 | Lab      | Reached skill level 8 in Bows
 14286 | Lair:5   | Found a dark tunnel.
 14293 | Volcano  | Entered a volcano
 14376 | Volcano  | Found a bloodstained altar of Trog.
 14546 | Volcano  | Reached skill level 9 in Bows
 15028 | Lair:5   | Reached skill level 10 in Bows
 15174 | Lair:5   | Reached skill level 11 in Bows
 15180 | Lair:5   | Found a staircase to the Slime Pits.
 15924 | Lair:6   | Entered Level 6 of the Lair of Beasts
 15987 | Lair:6   | Reached skill level 12 in Bows
 16048 | Lair:6   | Reached XP level 14. HP: 122/122 MP: 20/20
 16150 | Lair:6   | Reached skill level 13 in Bows
 16461 | Lair:6   | Received a gift from Trog
 16740 | Lair:6   | Reached skill level 14 in Bows
 17103 | Lair:6   | Got a dazzling executioner's axe
 17104 | Lair:6   | Identified the +9 executioner's axe of Xuatag {chop, +Fly rElec rPois Int-5} (You found it on level 6 of the Lair of Beasts)
 17617 | Lair:6   | Reached skill level 15 in Bows
 17631 | Lair:6   | Received a gift from Trog
 18313 | Orc:1    | Entered Level 1 of the Orcish Mines
 18542 | Orc:2    | Entered Level 2 of the Orcish Mines
 18542 | Orc:2    | Found a staircase to the Elven Halls.
 19011 | Orc:2    | Reached skill level 16 in Bows
 19166 | Orc:2    | Received a gift from Trog
 19178 | Orc:2    | HP: 5/122 [sixfirhy[an orc high priest] (8)]
 19180 | Orc:2    | Slain by a sixfirhy

Skill      XL: |  1  2  3  4  5  6  7  8  9 10 11 12 13 14 |
---------------+-------------------------------------------+-----
Axes           | 4 5 7 8 9 10 15 | 15.0
Fighting       | 7 10 | 10.9
Armour         | 3 6 |  6.4
Evocations     | 6 10 | 10.4
Dodging        | 10 | 10.4
Bows           | 4 12 16 | 16.4

Action                   |  1- 3 |  4- 6 |  7- 9 | 10-12 | 13-15 || total
-------------------------+-------+-------+-------+-------+-------++-------
Melee: Hand axe          |    70 |    58 |       |       |       ||   128
       Headbutt          |     8 |     7 |    56 |    86 |   101 ||   258
       War axe           |       |    23 |   252 |       |       ||   275
       Battleaxe         |       |       |    40 |   391 |   374 ||   805
 Fire: Shortbow          |       |       |       |    23 |   228 ||   251
       Longbow           |       |       |       |       |   188 ||   188
Invok: Berserk           |       |     3 |     5 |     9 |    10 ||    27
       Trog's Hand       |       |     1 |       |     3 |     1 ||     5
       Burn Spellbooks   |       |       |     1 |     4 |     2 ||     7
Evoke: Wand              |       |       |       |       |     2 ||     2
  Use: Scroll            |       |     7 |     3 |    10 |     3 ||    23
       Potion            |       |       |       |     1 |     1 ||     2
 Stab: Sleeping          |     1 |       |       |       |       ||     1
  Eat: Chunk             |       |     5 |    15 |    27 |    23 ||    70
       Meat ration       |       |     1 |       |     2 |     1 ||     4
       Fruit             |       |       |       |       |     1 ||     1
Armor: Animal skin       |     8 |       |       |       |       ||     8
       Ring mail         |    16 |    24 |    85 |    87 |    17 ||   229
       Chain mail        |       |       |       |       |   122 ||   122
Dodge: Dodged            |    35 |    40 |   161 |   408 |   388 ||  1032
